 Dungeon Crawl Stone Soup version 0.30-a0-21-g5d08c37080 (webtiles) character file.

Game seed: 10319806840531355516

201 Araneus the Cudgeller (level 5, 0/61 HPs)
             Began as a Demonspawn Fighter on Aug 24, 2022.
             Slain by a gnoll
             ... wielding a +0 club
              (5 damage)
             ... on level 4 of the Dungeon.
             The game lasted 00:03:39 (3237 turns).

Araneus the Cudgeller (Demonspawn Fighter)          Turns: 3237, Time: 00:03:39

Health: 0/61       AC: 10    Str: 19    XL:     5   Next: 50%
Magic:  5/5        EV:  6    Int:  9    God:
Gold:   134        SH:  4    Dex: 12    Spells: 4/4 levels left

rFire   . . .      SeeInvis .    a - +0 flail
rCold   . . .      Faith    .    c - +0 buckler
rNeg    . . .      Spirit   .    q - +0 chain mail
rPois   .          Reflect  .    (helmet restricted)
rElec   .          Harm     .    (no cloak)
rCorr   .          Rampage  .    (no gloves)
Will    .....                    (no boots)
Stlth   ..........               (no amulet)
HPRegen 0.20/turn                (no ring)
MPRegen 0.09/turn                (no ring)

@: brilliant, berserking (expiring), flying, very quick
A: antennae 2, icy blue scales 1
a: no special abilities


You were on level 4 of the Dungeon.
You visited 1 branch of the dungeon, and saw 4 of its levels.

You collected 134 gold pieces.

Inventory:

Hand Weapons
 a - a +0 flail (weapon)
Armour
 c - a +0 buckler (worn)
 q - a +0 chain mail (worn)
Scrolls
 b - a scroll of vulnerability {unknown}
 f - 5 scrolls of identify {unknown}
 g - 3 scrolls of teleportation {unknown}
 h - 2 scrolls of butterflies {unknown}
 j - a scroll of magic mapping {unknown}
 l - 2 scrolls of fear {unknown}
 n - a scroll of poison {unknown}
 o - a scroll of enchant weapon {unknown}
Potions
 d - a potion of might
 e - a potion of brilliance
 i - a potion of flight
 k - a potion of curing {unknown}
 m - a potion of attraction {unknown}
 p - a potion of berserk rage
 r - a potion of cancellation {unknown}
 s - a potion of heal wounds {unknown}


   Skills:
 - Level 3.0 Fighting
 + Level 5.3 Maces & Flails
 - Level 2.6 Armour
 - Level 2.6 Shields


You had 4 spell levels left.
You didn't know any spells.
Your spell library contained the following spells:

 Spells                   Type           Power      Damage    Failure   Level
 Ignite Poison            Fire/Tmut/Pois 0%         N/A       100%        3
 Mephitic Cloud           Conj/Pois/Air  0%         N/A       100%        3
 Freezing Cloud           Conj/Ice/Air   0%         6-21      100%        5


Dungeon Overview and Level Annotations

Branches:
Dungeon (4/15)
 Temple: D:4-7

Altars:
Gozag
Hepliaklqana
Xom

Shops:
D:2 =


Innate Abilities, Weirdness & Mutations

You have a pair of antennae on your head.
You are partially covered in icy blue scales. (AC +2)


Message History

The gnoll is almost dead.
The gnoll hits you with a +0 club.
* * * LOW HITPOINT WARNING * * *
The gnoll hits you but does no damage.
You sock the gnoll!
You kill the gnoll!
The gnoll hits you from afar with a +0 halberd.
* * * LOW HITPOINT WARNING * * *
The quokka twitches its whiskers.
It was a potion of flight.
You feel very buoyant.
You fly up into the air.
It was a potion of brilliance.
You feel clever all of a sudden.
The gnoll hits you but does no damage. x2
It was a potion of berserk rage.
A red film seems to cover your vision as you go berserk!
You feel yourself moving faster!
You feel mighty! The gnoll hits you but does no damage.
The gnoll hits you from afar with a +0 halberd.
* * * LOW HITPOINT WARNING * * *
You hit the gnoll.
The gnoll is lightly wounded.
The gnoll hits you with a +0 club.
* * * LOW HITPOINT WARNING * * *
The gnoll barely misses you.
You closely miss the gnoll.
The gnoll is lightly wounded.
You closely miss the gnoll.
The gnoll is lightly wounded.
The gnoll hits you but does no damage.
You closely miss the gnoll.
The gnoll is lightly wounded.
The gnoll hits you but does no damage.
The gnoll hits you from afar with a +0 halberd.
* * * LOW HITPOINT WARNING * * *
You barely miss the gnoll.
The gnoll is lightly wounded.
The gnoll hits you with a +0 club.
You die...

.#.#.#.#.#.###.#.#.#.#.#.#
#.#.#.#.#..#)#..#.#.#.#.##
.#.#.#.#.#.###.#.#.#.#.#.########
#.#.#.#.#.......#.#<#.#..........
.#.#.#.#.#...#.#.#.#.#...........
#.#.#.#.#.#.#.#.#..........<.....
.#.#.#.#.#.#.#.#.#.#.#.#.........
#.#.#.#.#.#.#.#.#................
.#.#.#.#.#.#.#.#@#.#.#.#.########
#.#.#.#.#.#.#.#g#........#.......
.#.#.#.#.#.#.#g#{#.#.#.#.#.......
#.#.#.#.#.#.#...#........#.......
.#.#.#...........#.#...#.#.......
#.#.#.#.#.#.#.#.#.#.#.#..........
.#.#.#...........#.#.#.#.........
#.#.#.#.#.#.#.#...#.#.#..........
.#.#.#...........#.#.#.#...######


You could see 2 gnolls.

Vanquished Creatures
  A necrophage (D:4)
  An iguana (D:4)
  A gnoll (D:4)
  4 adders
  2 worms (D:2)
  A dart slug (D:3)
  2 bats (D:2)
  6 endoplasms
  4 giant cockroaches
  10 goblins
  4 hobgoblins
  6 jackals
  3 quokkas
  6 ball pythons
  2 frilled lizards
  3 kobolds
  3 rats
  A spectral goblin (D:4)
60 creatures vanquished.

Notes
Turn   | Place    | Note
-------+----------+-------------------------------------------
     0 | D:1      | Araneus the Demonspawn Fighter began the quest for the Orb.
     0 | D:1      | Reached XP level 1. HP: 18/18 MP: 1/1
    58 | D:1      | Reached skill level 2 in Maces & Flails
   267 | D:1      | Gained mutation: You have a pair of small antennae on your
                  | head. [demonic ancestry]
   267 | D:1      | Reached XP level 2. HP: 19/24 MP: 2/2
   925 | D:2      | Reached skill level 3 in Maces & Flails
  1197 | D:2      | Found a shimmering altar of Xom.
  1443 | D:2      | Reached XP level 3. HP: 28/29 MP: 3/3
  1823 | D:2      | Found Koron's Jewellery Boutique.
  2456 | D:3      | You fall into a shaft and drop 1 floor!
  2487 | D:4      | Gained mutation: You have a pair of antennae on your head.
                  | [demonic ancestry]
  2487 | D:4      | Reached XP level 4. HP: 35/35 MP: 4/4
  2514 | D:4      | Reached skill level 4 in Maces & Flails
  2533 | D:4      | Noticed a necrophage
  2541 | D:4      | Killed a necrophage
  2550 | D:4      | Gained mutation: You are partially covered in icy blue
                  | scales. (AC +2) [demonic ancestry]
  2550 | D:4      | Reached XP level 5. HP: 41/41 MP: 5/5
  2680 | D:4      | Found an opulent altar of Gozag.
  2757 | D:4      | Reached skill level 5 in Maces & Flails
  2939 | D:4      | Found a hazy altar of Hepliaklqana.
  3237 | D:4      | Slain by a gnoll

Illustrated notes

Levels and vault maps discovered:
D:1:      ebering_trefoil_twist, layout_loops_ring
D:2:      layout_basic, basic_altar, serial_shops, nicolae_shop_behind_doors
D:3:      layout_rooms, shapermc_ecumenical_altar_flowoftime
D:4:      layout_basic, nicolae_hepliaklqana_monster_ancestors,
          grunt_gozag_breadcrumbs, serial_glass, glass_columns_a,
          glass_columns_b, glass_columns_a, glass_columns_c, glass_columns_a,
          glass_columns_b, glass_columns_a, glass_columns_b, glass_columns_a,
          glass_columns_b, item_on_display_a, minmay_strange_pillars,
          minmay_strange_pillars

Skill      XL: |  1  2  3  4  5 |
---------------+----------------+-----
Maces & Flails | 2 3 4 5 |  5.3
Fighting       | |  3.0
Armour         | |  2.6
Shields        | |  2.6

Action                   |  1- 3 |  4- 6 || total
-------------------------+-------+-------++-------
Melee: Flail             |   148 |    61 ||   209
  Use: Potion            |       |     4 ||     4
Armor: Scale mail        |    51 |       ||    51
       Chain mail        |    18 |    31 ||    49
Dodge: Dodged            |    66 |    13 ||    79
Block: Buckler           |    35 |    11 ||    46

Table legend: (Time is in decaauts)
 A = Elapsed time spent in this place.
 B = Non-inter-level travel time spent in this place.
 C = Inter-level travel time spent in this place.
 D = Time resting spent in this place.
 E = Time spent auto-exploring this place.
 F = Levels seen in this place.
 G = Mean time per level.
                   A        B        C        D        E       F      G
               +--------+--------+--------+--------+--------+-----+--------+
         Total |   3289 |   3253 |     36 |      0 |   2713 |   4 |  822.2 |
       Dungeon |   3289 |   3253 |     36 |      0 |   2713 |   4 |  822.2 |
               +--------+--------+--------+--------+--------+-----+--------+

Top non-repeatable levels by time:
     D:2: 1153 daAuts
     D:1: 801 daAuts
     D:4: 792 daAuts
     D:3: 541 daAuts
